 Dungeon Crawl Stone Soup version 0.32-a0-868-g153ae1a8d6 (webtiles) character file.

Game seed: 8557088836272155120

538 smashvw the Trooper (level 7, 0/38 HPs)
             Began as a Vine Stalker Fighter on Mar 26, 2024.
             Was a Believer of Yredelemnul.
             Slain by a gnoll sergeant
             ... wielding a +0 trident
              (7 damage)
             ... on level 4 of the Dungeon on Mar 29, 2024.
             The game lasted 00:11:34 (2509 turns).

smashvw the Trooper (Vine Stalker Fighter)          Turns: 2509, Time: 00:11:35

Health: 0/38       AC: 11    Str: 18    XL:     7   Next: 26%
Magic:  0/8        EV:  4    Int:  8    God:    Yredelemnul [**....]
Gold:   128        SH:  5    Dex: 16    Spells: 6/6 levels left

rFire   . . .        t - +1 short sword (venom)
rCold   + . .        c - +0 buckler
rNeg    . . .        k - +0 plate armour
rPois   .            (no helmet)
rElec   .            g - scarf {shadows}
rCorr   +            (no gloves)
SInv    .            (no boots)
Will    .....        (no amulet) Stlth
                     l - ring of resist corrosion
HPRegen 1.06/turn    i - ring of protection from cold
MPRegen 0.11/turn

%: guardian spirit
@: wreathed by umbra, very slow
A: fangs 2, regeneration 1, magic shield, antimagic bite, no potion heal 2
a: Renounce Religion, Light the Black Torch, Recall Undead Harvest, Hurl
Torchlight


You were on level 4 of the Dungeon.
You worshipped Yredelemnul.
Yredelemnul was noncommittal.
You visited 1 branch of the dungeon, and saw 4 of its levels.
You also visited: Sewer.

You collected 128 gold pieces.

Inventory:

Hand Weapons
 a - a +0 rapier
 t - a +1 short sword of venom (weapon)
Armour
 c - a +0 buckler (worn)
 g - a scarf of shadows (worn)
 k - a +0 plate armour (worn)
 n - a +0 pair of gloves
 r - a +0 kite shield
Jewellery
 i - a ring of protection from cold (right hand)
 l - a ring of resist corrosion (left hand)
Scrolls
 e - a scroll of silence {unknown}
 h - a scroll of vulnerability {unknown}
 j - 3 scrolls of identify {unknown}
 o - a scroll of teleportation {unknown}
 s - a scroll of fog {unknown}
 v - a scroll of enchant armour {unknown}
 x - a scroll of fear {unknown}
Potions
 b - 2 potions of mutation {unknown}
 d - a potion of might
 f - 2 potions of curing {unknown}
 m - 2 potions of lignification {unknown}
 p - a potion of berserk rage {unknown}
 q - a potion of degeneration {unknown}
 u - a potion of magic {unknown}
 w - a potion of haste {unknown}
 z - a potion of heal wounds {unknown}


   Skills:
 + Level 4.8 Fighting
 + Level 4.2 Short Blades
 - Level 2.4 Armour
 + Level 4.7 Shields


You had 6 spell levels left.
You didn't know any spells.
Your spell library contained the following spells:

 Spells                   Type           Power      Damage    Failure   Level
 Static Discharge         Conj/Air       0%         3-3/arc   100%        2
 Airstrike                Air            0%         2d(0-16)  100%        4
 Summon Lightning Spire   Summ/Air       0%         N/A       100%        4
 Conjure Ball Lightning   Conj/Air       0%         3x3d6     100%        6
 Discord                  Hex            0%         N/A       100%        8
 Disjunction              Tloc           0%         N/A       100%        8


Dungeon Overview and Level Annotations

Branches:
Dungeon (4/15)              Sewer (visited)
 Temple: D:4-7

Altars:
Yredelemnul

Annotations:
D:2 1 runed translucent door, Crazy Yiuf
D:4 Ijyb


Innate Abilities, Weirdness & Mutations

You have extremely sharp teeth.
Your natural rate of healing is unusually fast.
When hurt, damage is shared between your health and your magic reserves.
Your bite disrupts and absorbs the magic of your enemies.
Potions cannot restore your health.


Message History

Your wight hits Menkaure with a +2 long sword of freezing!
Your wight freezes Menkaure.
Your wight completely misses Menkaure.
You block the gnoll's attack.
The gnoll sergeant hits you from afar with a +0 trident.
You hit Menkaure. You bite Menkaure, but do no damage.
Menkaure is almost destroyed.
Menkaure barely misses you.
Your gnoll zombie closely misses the gnoll.
Your wight splashes around in the water.
Your wight barely misses Menkaure.
Your unstable footing causes you to fumble your attack.
The gnoll hits you but does no damage. Menkaure hits you but does no damage.
The gnoll sergeant hits you from afar with a +0 trident.
Your wight barely misses Menkaure.
Your gnoll zombie hits the gnoll.
Your wight splashes around in the water.
You hit Menkaure.
You destroy Menkaure!
The gnoll sergeant hits you from afar with a +0 trident!
The gnoll throws a throwing net.
The throwing net hits you.
You become entangled in the net!
You hear a splash.
Your Short Blades skill increases to level 4!
You have reached level 7!
You struggle against the net.
Your gnoll zombie hits the gnoll.
The gnoll hits you from afar with a +0 spear!
* * * LOW HITPOINT WARNING * * *
The gnoll sergeant hits you but does no damage.
Your wight hits the gnoll with a +2 long sword of freezing!
Your wight freezes the gnoll.
The gnoll dies!
Their soul becomes fuel for the torch.
The dead are walking!
You struggle against the net.
The gnoll sergeant hits you from afar with a +0 trident!
* * * LOW HITPOINT WARNING * * *
Your gnoll zombie hits the gnoll sergeant.
You rip the net and break free!
The gnoll sergeant hits you from afar with a +0 trident!
You die...
Your body rises from the dead as a mindless zombie.

##. ##.#.#.# ..
.........
#.##.......g.
#.$..........
#...........#
#....Z#.#...
#.Z.)zg...#
#..##z##..#
#.J#$@z#..#
.#..#ZzZ#..###
....#Z.Z#.....
..#..#~Z~#.....
.....#~~~#.....
...g#####.####
..........#
..<.......#
..........#


You could see a gnoll sergeant (ally target), Ijyb, an endoplasm, 4 friendly
wights, 2 friendly adder zombies, a friendly hobgoblin zombie and 4 friendly
gnoll zombies.

Vanquished Creatures
  Menkaure (D:4)
  A kobold brigand (Sewer)
  An orc priest (D:3)
  An orc wizard (D:3)
  An iguana (D:4)
  11 adders
  A gnoll (D:4)
  A river rat (Sewer)
  2 dart slugs
  A ribbon worm (D:2)
  4 orcs (D:3)
  9 ball pythons
  6 bats
  7 endoplasms
  5 giant cockroaches
  3 goblins
  4 hobgoblins
  7 kobolds
  2 quokkas
  8 frilled lizards
  3 rats
79 creatures vanquished.

Vanquished Creatures (collateral kills)
  Natasha (D:4)
  2 adders (D:4)
  4 gnolls (D:4)
  A dart slug (D:3)
  An endoplasm (D:3)
  A ball python (D:3)
  2 rats
12 creatures vanquished.

Vanquished Creatures (others)
  3 adder zombies
  A dart slug zombie (D:3)
  A giant cockroach zombie (D:4)
  A goblin zombie (D:3)
  An orc zombie (D:3)
  A rat zombie (D:3)
8 creatures vanquished.

Grand Total: 99 creatures vanquished

Notes
Turn   | Place    | Note
-------+----------+-------------------------------------------
     0 | D:1      | smashvw the Vine Stalker Fighter began the quest for the
                  | Orb.
     0 | D:1      | Reached XP level 1. HP: 11/11 MP: 2/2
     0 | D:1      | Upgraded the game from 0.32-a0-834-geaf45d8e21 to
                  | 0.32-a0-859-gb0a091d592
    68 | D:1      | Reached XP level 2. HP: 16/16 MP: 1/3
   225 | D:1      | Upgraded the game from 0.32-a0-859-gb0a091d592 to
                  | 0.32-a0-868-g153ae1a8d6
   551 | D:1      | Reached XP level 3. HP: 20/20 MP: 4/4
   718 | D:2      | Found a basalt altar of Yredelemnul.
   725 | D:2      | Became a worshipper of Yredelemnul the Fallen
   784 | D:2      | Reached XP level 4. HP: 24/24 MP: 5/5
  1193 | D:2      | Found a runed translucent door.
  1194 | D:2      | Noticed Crazy Yiuf
  1668 | D:3      | Found a faded altar of an unknown god.
  1846 | D:3      | Reached XP level 5. HP: 29/29 MP: 6/6
  1879 | D:3      | Reached * piety under Yredelemnul
  2148 | D:4      | Found a glowing drain.
  2149 | D:4      | Noticed Menkaure
  2152 | D:4      | Noticed Natasha
  2159 | D:4      | Noticed Ijyb
  2161 | Sewer    | Entered a sewer
  2289 | Sewer    | Reached XP level 6. HP: 33/33 MP: 7/7
  2498 | D:4      | Killed Natasha
  2499 | D:4      | Reached ** piety under Yredelemnul
  2506 | D:4      | Killed Menkaure
  2507 | D:4      | Reached XP level 7. HP: 16/38 MP: 2/8
  2509 | D:4      | Slain by a gnoll sergeant

Illustrated notes

Levels and vault maps discovered:
D:1:      spicycebolla_arrival_clurvy, layout_basic
D:2:      layout_loops_ring, basic_altar, uniq_crazy_yiuf_cottage
D:3:      layout_rooms, chequers_ecumenical_altar_island, dk_noncrumbling_2,
          kennysheep_generic_room_4
D:4:      layout_basic, makhleb_blood_cavern_becter, mainiacjoe_overflow_swirl,
          mainiacjoe_overflow_cross_hatched, serial_shops, shop,
          gup_sewer_entry_glass, hellmonk_no_cap, uniq_ijyb, uniq_natasha,
          uniq_menkaure, uniq_duvessa

Skill      XL: |  1  2  3  4  5  6 |
---------------+-------------------+-----
Short Blades   | 2 3 4 |  4.2
Fighting       | 3 4 |  4.8
Shields        | 3 4 |  4.7
Armour         | |  2.4

Action                     |  1- 3 |  4- 6 |  7- 9 || total
---------------------------+-------+-------+-------++-------
  Melee: Rapier            |    74 |   106 |       ||   180
         Bite              |    12 |    49 |       ||    61
         Short sword       |       |    69 |       ||    69
 Invoke: Light the Black T |     1 |     3 |       ||     4
 Armour: Scale mail        |    43 |       |       ||    43
         Chain mail        |     6 |       |       ||     6
         Plate armour      |       |   192 |     4 ||   196
  Dodge: Dodged            |    19 |    40 |       ||    59
  Block: Buckler           |    13 |    53 |       ||    66

Table legend: (Time is in decaauts)
 A = Elapsed time spent in this place.
 B = Non-inter-level travel time spent in this place.
 C = Inter-level travel time spent in this place.
 D = Time resting spent in this place.
 E = Time spent auto-exploring this place.
 F = Levels seen in this place.
 G = Mean time per level.
                   A        B        C        D        E       F      G
               +--------+--------+--------+--------+--------+-----+--------+
         Total |   2588 |   2528 |     60 |      0 |   1902 |   5 |  517.6 |
       Dungeon |   2205 |   2145 |     60 |      0 |   1638 |   4 |  551.2 |
         Sewer |    382 |    382 |      0 |      0 |    264 |   1 |  382.0 |
               +--------+--------+--------+--------+--------+-----+--------+

Top non-repeatable levels by time:
     D:2: 801 daAuts
     D:3: 750 daAuts
     D:1: 616 daAuts
   Sewer: 382 daAuts
     D:4: 37 daAuts
